 Dungeon Crawl Stone Soup version 0.20-a0-540-ge6d1839 (webtiles) character file.

5924 polly the Blocker (level 10, -3/63 HPs)
             Began as a Gargoyle Fighter on Jan 29, 2017.
             Was a Believer of Okawaru.
             Slain by a two-headed ogre
             ... wielding a +0 giant club
              (7 damage)
             ... on level 9 of the Dungeon.
             The game lasted 00:13:14 (8895 turns).

polly the Blocker (Gargoyle Fighter)                Turns: 8895, Time: 00:13:15

Health: -3/63      AC: 25    Str: 23    XL:     10   Next: 83%
Magic:  10/10      EV:  6    Int:  9    God:    Okawaru [**....]
Gold:   461        SH: 12    Dex:  9    Spells: 9/9 levels left

rFire    . . .     SeeInvis .   a - +0 flail
rCold    . . .     Gourm    .   x - +0 plate armour
rNeg     + . .     Faith    .   c - +0 shield
rPois    ∞         Spirit   .   y - +0 helmet
rElec    +         Reflect  .   D - +0 cloak
rCorr    +         Harm     .   k - +0 pair of gloves (curse)
MR       .....                  q - +0 pair of boots
Stlth    ..........             (no amulet)
Regen    0.2/turn               (no ring)
                                J - ring of resist corrosion

@: no status effects
A: negative energy resistance 1, electricity resistance, unbreathing,
petrification resistance, rot immunity, AC +7
a: Heroism, Renounce Religion


You were on level 9 of the Dungeon.
You worshipped Okawaru.
Okawaru was pleased with you.
You were hungry.

You visited 2 branches of the dungeon, and saw 10 of its levels.

You collected 461 gold pieces.

Inventory:

Hand Weapons
 a - a +0 flail (weapon)
Armour
 c - a +0 shield (worn)
 k - a cursed +0 pair of gloves (worn)
 q - a +0 pair of boots (worn)
 x - a +0 plate armour (worn)
 y - a +0 helmet (worn)
 D - a +0 cloak (worn)
 K - the +3 salamander hide armour {+Rage rF++}
   (You found it on level 6 of the Dungeon)

   It greatly protects you from fire.
   It lets you go berserk.
Jewellery
 J - a ring of resist corrosion (left hand)
 P - an uncursed ring of protection from magic {unknown}
Wands
 d - a wand of flame (10/48)
 u - a wand of lightning (3/15)
 H - a wand of flame (16/48)
 N - a wand of confusion (26/48)
 O - a wand of paralysis (9/24)
 Q - a wand of lightning (10/15)
Scrolls
 b - a scroll of immolation {unknown}
 e - 2 scrolls of amnesia {unknown}
 l - 2 scrolls of enchant weapon {unknown}
 m - a scroll of noise {unknown}
 n - 6 scrolls of remove curse
 o - 12 scrolls of identify
 p - 3 scrolls of magic mapping
 s - a scroll of teleportation
 w - 3 scrolls of enchant armour {unknown}
 B - a scroll of fog {unknown}
 C - a scroll of random uselessness {unknown}
 G - 2 scrolls of blinking {unknown}
 L - a scroll of recharging {unknown}
Potions
 g - a potion of cancellation {unknown}
 v - 2 potions of berserk rage {unknown}
 z - a potion of mutation {unknown}
 E - a potion of cure mutation {unknown}
 F - a potion of flight {unknown}
 M - a potion of haste {unknown}
Books
 t - a book of Cantrips

   Spells                             Type                      Level
   a - Confusing Touch                Hexes                        1
   b - Animate Skeleton               Necromancy                   1
   c - Summon Small Mammal            Summoning                    1
   d - Apportation                    Translocation                1
 I - a book of Minor Magic

   Spells                             Type                      Level
   a - Magic Dart                     Conjuration                  1
   b - Blink                          Translocation                2
   c - Call Imp                       Summoning                    2
   d - Repel Missiles                 Charms/Air                   2
   e - Slow                           Hexes                        2
   f - Conjure Flame                  Conjuration/Fire             3
   g - Mephitic Cloud                 Conjuration/Poison/Air       3
Comestibles
 f - 4 bread rations
 i - 12 fruits
 j - 4 meat rations
 A - 4 royal jellies


   Skills:
 + Level 7.5 Fighting
 + Level 9.9 Maces & Flails
 + Level 7.3 Armour
 + Level 1.8 Dodging
 + Level 1.0 Stealth
 + Level 10.2 Shields


You had 9 spell levels left.
You didn't know any spells.

Dungeon Overview and Level Annotations

Branches:
Dungeon (9/15)             Temple (1/1) D:7
   Lair: D:8-11         Orc: D:9-12

Altars:
Ashenzari
Cheibriados
Dithmenos
Elyvilon
Fedhas
Gozag
Hepliaklqana
Kikubaaqudgha
Makhleb
Nemelex Xobeh
Okawaru
Qazlal
Ru
Sif Muna
Trog
Uskayaw
Vehumet
Xom
Yredelemnul
Zin
Beogh


Innate Abilities, Weirdness & Mutations

You are resistant to torment.
Your stone body is resilient. (AC +7)
You are immune to poison.
You resist negative energy. (rN+)
You are resistant to electric shocks. (rElec)
You can survive without breathing.
You are immune to petrification.
You are immune to rotting.


Message History

You are too injured to fight recklessly!
You are too injured to fight recklessly!
You are too injured to fight recklessly!
You are too injured to fight recklessly!
You are too injured to fight recklessly!
You are too injured to fight recklessly!
You are too injured to fight recklessly!
Unknown command.
You are too injured to fight recklessly!
You are too injured to fight recklessly!
You hit the scorpion.
The scorpion is moderately wounded.
You sock the two-headed ogre!
The two-headed ogre is severely wounded.
You thump the two-headed ogre!
The two-headed ogre is almost dead.
The two-headed ogre hits you with a giant club!
* * * LOW HITPOINT WARNING * * *
The two-headed ogre hits you with a giant club!
You die...

#.#...#.....#.#,*,,>,,,,,*
#.#<........#.#,*,.z..,,,*
#.....#####.#.#,**....,,,*
#####......[#.#,,,.[.,,,,*
######..#.#,,*z.#+***********
#..#.#,,*..#,,**,,,,,,,,
#..#.#,,*..##.##,,,,,,,≈
####.####sz.....,,,≈≈≈≈≈
#...@Ozo#****,,≈≈≈≈≈≈
######### **≈≈≈≈≈≈≈ ****≈≈≈≈
***≈≈ *** *


You could see a two-headed ogre, a scorpion, 2 wights and an orc.

Vanquished Creatures
  A two-headed ogre (D:9)
  Pikel (D:7)
  A gargoyle (D:8)
  A troll (D:9)
  A hippogriff (D:8)
  Sigmund (D:4)
  6 yaks
  A wyvern (D:9)
  Duvessa (D:4)
  2 ice beasts
  An orc warrior (D:6)
  A necrophage (D:6)
  An ogre (D:4)
  2 sky beasts
  5 centaurs
  4 bullfrogs
  Dowan (D:4)
  2 scorpions
  6 crimson imps
  A bullfrog zombie (D:8)
  Crazy Yiuf (D:4)
  2 jellies
  6 orc priests
  2 gnoll shamans
  3 hounds
  8 orc wizards
  A bullfrog skeleton (D:6)
  Jessica (D:2)
  An iguana (D:8)
  3 worker ants
  The ghost of dogface the Skirmisher, a weakling DsFi (D:3)
  3 hound skeletons
  A worker ant zombie (D:5)
  Robin (D:4)
  12 gnolls
  13 adders
  A shadow imp (D:7)
  An adder skeleton (D:7)
  2 adder zombies (D:7)
  2 worms
  4 dart slugs
  4 leopard geckos
  35 orcs
  6 bats
  3 bat zombies (D:8)
  6 giant cockroaches
  21 goblins
  6 hobgoblins
  19 jackals
  2 quokkas (D:4)
  4 ball pythons
  4 frilled lizards
  A jackal skeleton (D:6)
  2 jackal zombies
  4 kobolds
  3 leopard gecko skeletons
  A quokka zombie (D:6)
  10 rats
240 creatures vanquished.

Notes
Turn   | Place    | Note
-------+----------+-------------------------------------------
     0 | D:1      | polly the Gargoyle Fighter began the quest for the Orb.
     0 | D:1      | Reached XP level 1. HP: 14/14 MP: 1/1
   426 | D:1      | Reached XP level 2. HP: 19/19 MP: 2/2
   877 | D:2      | Reached XP level 3. HP: 24/24 MP: 3/3
   907 | D:2      | Noticed Jessica
   926 | D:2      | Killed Jessica
   926 | D:2      | Reached XP level 4. HP: 28/29 MP: 4/4
  1164 | D:2      | Found a blossoming altar of Fedhas.
  1970 | D:3      | Reached XP level 5. HP: 29/33 MP: 5/5
  2133 | D:3      | Reached skill level 4 in Shields
  2168 | D:3      | Found a roughly hewn altar of Beogh.
  2291 | D:3      | Reached XP level 6. HP: 37/39 MP: 6/6
  2587 | D:3      | Noticed dogface's ghost (weakling DsFi)
  2622 | D:3      | Killed dogface's ghost
  2769 | D:4      | Noticed Sigmund
  2796 | D:4      | Killed Sigmund
  2796 | D:4      | Reached XP level 7. HP: 8/44 MP: 7/7
  3257 | D:4      | Noticed Robin
  3298 | D:4      | Killed Robin
  3298 | D:4      | Reached skill level 5 in Maces & Flails
  3298 | D:4      | Reached skill level 5 in Shields
  3642 | D:4      | Noticed Dowan
  3643 | D:4      | Noticed Duvessa
  3662 | D:4      | Killed Duvessa
  3662 | D:4      | Reached skill level 5 in Fighting
  3685 | D:4      | HP: 1/44 [Dowan/shard of ice (14)]
  3717 | D:5      | Entered Level 5 of the Dungeon
  3906 | D:4      | Killed Dowan
  3906 | D:4      | Reached skill level 5 in Armour
  4010 | D:4      | Reached skill level 6 in Shields
  4010 | D:4      | Reached XP level 8. HP: 22/49 MP: 8/8
  4195 | D:4      | Found a runed door.
  4199 | D:4      | Noticed Crazy Yiuf
  4208 | D:4      | Killed Crazy Yiuf
  4397 | D:5      | Reached skill level 1 in Dodging
  4763 | D:5      | Found a snail-covered altar of Cheibriados.
  4955 | D:5      | Reached skill level 7 in Shields
  5336 | D:6      | Found a basalt altar of Yredelemnul.
  5508 | D:6      | Found a shimmering altar of Xom.
  5517 | D:6      | Reached XP level 9. HP: 44/54 MP: 9/9
  6157 | D:6      | Reached skill level 8 in Shields
  6283 | D:7      | Found a hazy altar of Hepliaklqana.
  6284 | D:7      | Found a stormy altar of Qazlal.
  6649 | D:7      | Noticed Pikel
  6671 | D:7      | Killed Pikel
  6781 | D:7      | Found a staircase to the Ecumenical Temple.
  6788 | Temple   | Entered the Ecumenical Temple
  6827 | Temple   | Became a worshipper of Warmaster Okawaru
  7135 | D:8      | Noticed a gargoyle
  7167 | D:8      | Killed a gargoyle
  7167 | D:8      | Reached * piety under Okawaru
  7167 | D:8      | Reached skill level 9 in Shields
  7167 | D:8      | Reached XP level 10. HP: 19/61 MP: 10/10
  7368 | D:8      | Found a deep blue altar of Sif Muna.
  7550 | D:8      | Found a sparkling altar of Nemelex Xobeh.
  7919 | D:8      | Found an ancient bone altar of Kikubaaqudgha.
  7950 | D:8      | Found a white marble altar of Elyvilon.
  7994 | D:8      | Found a hide-covered altar of Uskayaw.
  8260 | D:9      | Noticed a two-headed ogre
  8284 | D:9      | Noticed a two-headed ogre
  8295 | D:9      | Killed a two-headed ogre
  8295 | D:9      | Reached skill level 1 in Stealth
  8301 | D:9      | Noticed a two-headed ogre
  8510 | D:9      | Reached ** piety under Okawaru
  8805 | D:9      | Reached skill level 10 in Shields
  8895 | D:9      | Slain by a two-headed ogre

Vault maps used:
D:1:      ncdulo_watergridlock
D:2:      fedhas_altar_fruit_tree, uniq_jessica
D:3:      first_bread, st_stairs_4, kennysheep_orc_chapel
D:4:      uniq_sigmund, uniq_robin, uniq_crazy_yiuf_cottage, uniq_duvessa
D:5:      kennysheep_slug_shrine
D:6:      lemuel_crystal_altar, lemuel_crystal_altar
D:7:      grunt_temple_overflow_open, minmay_temple_entry_nine_rooms, uniq_pikel
D:8:      nemelex_xobeh_ov_fountains_minmay, marbit_many_paths,
          lemuel_zombie_altar_kikubaaqudgha, kennysheep_little_box,
          lemuel_crystal_altar
D:9:      statuecave_lemuel, lemuel_crystal_altar, serial_shops, shop
Temple:   kb_temple_of_zot

Skill      XL: |  1  2  3  4  5  6  7  8  9 10 |
---------------+-------------------------------+-----
Armour         | 4 5 6 7 |  7.3
Fighting       | 4 5 6 7 |  7.5
Maces & Flails | 3 4 5 6 8 9 |  9.9
Shields        | 4 6 7 9 10 | 10.2
Dodging        | 1 |  1.8
Stealth        | 1 |  1.0

Action                   |  1- 3 |  4- 6 |  7- 9 | 10-12 || total
-------------------------+-------+-------+-------+-------++-------
Melee: Flail             |    49 |   310 |   793 |   225 ||  1377
Evoke: Wand              |       |       |     3 |     1 ||     4
  Use: Potion            |       |     1 |     4 |     5 ||    10
       Scroll            |       |       |       |     3 ||     3
  Eat: Chunk             |       |     6 |    16 |     5 ||    27
       Fruit             |       |     1 |       |       ||     1
Armor: Scale mail        |    22 |    48 |       |       ||    70
       Plate armour      |       |   177 |   616 |   190 ||   983
Dodge: Dodged            |    16 |    71 |   198 |    53 ||   338
Block: Shield            |    23 |   169 |   508 |   153 ||   853
